 Dungeon Crawl Stone Soup version 0.16-a0-3425-gb4a0a08 (webtiles) character file.

134 NewYearsCrawler the Shield-Bearer (level 5, -2/41 HPs)
             Began as a Formicid Fighter on Jan 1, 2015.
             Slain by Crazy Yiuf
             ... wielding a +3 quarterstaff of chaos
              (11 damage)
             ... on level 3 of the Dungeon.
             The game lasted 00:04:33 (2202 turns).

NewYearsCrawler the Shield-Bearer (FoFi)            Turns: 2202, Time: 00:04:34

Health: -2/41      AC:  6    Str: 22    XL:     5   Next: 40%
Magic:  7/7        EV:  8    Int:  7    God:
Gold:   123        SH:  0    Dex: 10    Spells: 0 memorised, 4 levels left

rFire  . . .     SeeInvis +     a - +0 war axe
rCold  . . .     Clarity  .     b - +0 scale mail
rNeg   + . .     SustAb   .     c - +0 shield
rPois  .         Gourm    .     (helmet unavailable)
rElec  .         Spirit   .     (no cloak)
rCorr  .         Warding  +     (no gloves)
rMut   .         Stasis   +     (no boots)
MR     .....                    h - amulet of warding
Stlth  ..........               (no ring)
                                (no ring)

@: confused, drained, not resistant to hostile enchantments, extremely
unstealthy
A: permanent stasis, dig shafts and tunnels, four strong arms, antennae 3
a: Dig, Shaft Self


You were on level 3 of the Dungeon.
You were not hungry.

You visited 1 branch of the dungeon, and saw 3 of its levels.

You collected 123 gold pieces.

Inventory:

Hand weapons
 a - a +0 war axe (weapon)
 q - a +0 war axe
Armour
 b - a +0 scale mail (worn)
 c - a +0 shield (worn)
Jewellery
 h - an amulet of warding (around neck)
Magical devices
 t - a wand of fire (10)
Scrolls
 f - 3 scrolls of enchant weapon {unknown}
 i - 3 scrolls of identify {unknown}
 j - a scroll of random uselessness {unknown}
 k - 2 scrolls of magic mapping {unknown}
 m - 2 scrolls of teleportation {unknown}
 p - 2 scrolls of remove curse {unknown}
 r - a scroll of noise {unknown}
Potions
 e - 3 potions of might
 l - a potion of resistance {unknown}
 n - 2 potions of curing {unknown}
 s - a potion of heal wounds {unknown}
 u - a potion of degeneration {unknown}
Comestibles
 d - 3 bread rations
 g - 2 fruits
 v - a meat ration


   Skills:
 - Level 3.2(3.1) Fighting
 + Level 3.4(3.3) Axes
 - Level 3.2(3.1) Armour
 + Level 5.9(5.7) Shields


You had 4 spell levels left.
You didn't know any spells.

Dungeon Overview and Level Annotations

Branches:
Dungeon (3/15)

Altars:
Cheibriados
Makhleb
Ru
Yredelemnul

Annotations:
D:3 Crazy Yiuf


Innate Abilities, Weirdness & Mutations

You are under a permanent stasis effect.
You can dig through walls and to a lower floor.
Your four strong arms can wield two-handed weapons with a shield.
You have a pair of large antennae on your head (SInv).


Message History

Crazy Yiuf says, "Spliff!
Snoogle light disdain."
Crazy Yiuf barely misses you.
You miss Crazy Yiuf.
Crazy Yiuf is heavily wounded.
Crazy Yiuf barely misses you.
Crazy Yiuf hits you with a quarterstaff of chaos.
Your stasis keeps you stable.
You bump into the rock wall.
Crazy Yiuf zaps a wand.
Your will is overpowered!
You are more confused.
You bump into the rock wall.
Crazy Yiuf cries, "Rifle!"
You bump into the rock wall.
Crazy Yiuf closely misses you.
You bump into the rock wall.
Crazy Yiuf hits you with a quarterstaff of chaos!
* * * LOW HITPOINT WARNING * * *
Your stasis keeps you stable.
You bump into the rock wall.
Crazy Yiuf cries, "Seed meccalolo meccalolo!"
Crazy Yiuf hits you with a quarterstaff of chaos!
You die...

... #.## #....###...
#......().. #..........
###.....<.. ######...
######## #... ##..P.#.###
### #... ##......#.@##...#
#### #......####g....#
#....P## ###..)# #.#####
### { ..# #.# ...+ #.#
...PP #.## ###############
....P$
##..###.#........).(#
....P$
######.......#......)(#).#
....P$


You could see Crazy Yiuf.

Vanquished Creatures
  Robin (D:3)
  6 adders
  A worm (D:3)
  An orc (D:3)
  2 giant cockroaches (D:2)
  19 goblins
  10 hobgoblins
  5 kobolds
  3 bats (D:1)
  4 giant geckos
  A giant newt (D:2)
  10 rats
63 creatures vanquished.

Notes
Turn   | Place    | Note
--------------------------------------------------------------
     0 | D:1      | NewYearsCrawler, the Formicid Fighter, began the quest for the Orb.
     0 | D:1      | Reached XP level 1. HP: 18/18 MP: 1/1
   147 | D:1      | Reached skill level 4 in Shields
   169 | D:1      | Reached XP level 2. HP: 22/24 MP: 3/3
   535 | D:1      | Reached XP level 3. HP: 26/29 MP: 4/4
   963 | D:2      | Reached skill level 5 in Shields
   963 | D:2      | Reached XP level 4. HP: 28/35 MP: 5/5
   981 | D:2      | Found a sacrificial altar of Ru.
   984 | D:2      | Found a snail-covered altar of Cheibriados.
   984 | D:2      | Found a basalt altar of Yredelemnul.
   985 | D:2      | Found a burning altar of Makhleb.
  1670 | D:3      | Reached XP level 5. HP: 31/41 MP: 7/7
  1877 | D:3      | Noticed Robin
  1896 | D:3      | Killed Robin
  2180 | D:3      | Noticed Crazy Yiuf
  2202 | D:3      | Slain by Crazy Yiuf

Action                   |  1- 3 |  4- 6 || total
-------------------------+-------+-------++-------
Melee: War axe           |    87 |   117 ||   204
 Abil: Dig               |       |     1 ||     1
  Eat: Chunk             |       |     3 ||     3
       Pizza             |       |     1 ||     1
